 Dungeon Crawl Stone Soup version 0.30-a0-313-gae38170b09 (webtiles) character file.

Game seed: 17495474136012847149

7660 IdlyInterested the Fighter (level 10, -1/89 HPs)
             Began as a Demonspawn Wanderer on Oct 26, 2022.
             Slain by a cyan ugly thing (12 damage)
             ... on level 8 of the Dungeon.
             The game lasted 00:32:30 (7564 turns).

IdlyInterested the Fighter (Demonspawn Wanderer)    Turns: 7564, Time: 00:32:30

Health: -1/89      AC: 16    Str: 16    XL:     10   Next: 99%
Magic:  11/11      EV: 11    Int: 16    God:
Gold:   464        SH:  0    Dex: 11    Spells: 11/11 levels left

rFire   + + .      SeeInvis .    c - +7 hammer "Orb Guardian's Foe" {venom, rF+ rN+ Stlth+}
rCold   . . .      Faith    .    (no shield)
rNeg    + . .      Spirit   .    z - +4 troll leather armour
rPois   .          Reflect  .    (no helmet)
rElec   .          Harm     .    H - +2 cloak
rCorr   .          Rampage  .    f - +0 pair of gloves
Will    +....                    p - +0 pair of boots
Stlth   +++.......               L - amulet of regeneration
HPRegen 1.94/turn                A - ring of willpower
MPRegen 0.12/turn                u - ring of protection from fire

@: no status effects
A: claws 1, thin metallic scales 1, powered by death 2, condensation shield
a: no special abilities


You were on level 8 of the Dungeon.
You visited 2 branches of the dungeon, and saw 9 of its levels.
You also visited: Sewer.

You collected 464 gold pieces.

Inventory:

Hand Weapons
 c - the +7 hammer "Orb Guardian's Foe" (weapon) {venom, rF+ rN+ Stlth+}
   (You found it on level 5 of the Dungeon)

   It poisons the flesh of those it strikes.
   rF:        It protects you from fire.
   rN:        It protects you from negative energy.
   Stlth:     It makes you more stealthy.
 k - a +3 morningstar of draining
 l - a +1 morningstar of flaming
 J - a +5 flail
Missiles
 v - 11 poisoned darts (quivered)
 F - 4 javelins
 I - 2 boomerangs
Armour
 d - a +3 leather armour of willpower
 f - a +0 pair of gloves (worn)
 m - an orb of guile
 p - a +0 pair of boots (worn)
 t - +0 steam dragon scales
 z - a +4 troll leather armour (worn)
 C - a +3 chain mail of fire resistance
 H - a +2 cloak (worn)
Jewellery
 o - a ring of ice
 u - a ring of protection from fire (right hand)
 A - a ring of willpower (left hand)
 L - an amulet of regeneration (around neck)
Wands
 g - a wand of digging (3)
 s - a wand of iceblast (5)
 B - a wand of polymorph (5)
Scrolls
 a - 2 scrolls of enchant armour
 h - 8 scrolls of teleportation
 i - 2 scrolls of immolation
 q - 2 scrolls of identify
 E - a scroll of magic mapping
 G - a scroll of poison
 K - a scroll of fog
Potions
 b - 6 potions of might
 j - 2 potions of attraction
 n - 5 potions of curing
 r - 5 potions of flight
 w - a potion of mutation
 x - 2 potions of cancellation
 D - a potion of resistance


   Skills:
 * Level 12.0 Fighting
 + Level 8.0 Maces & Flails
 - Level 2.0 Throwing
 * Level 4.1 Armour
 - Level 2.0 Dodging
 - Level 2.0 Stealth
 - Level 4.0 Unarmed Combat
 - Level 1.0 Spellcasting
 - Level 2.6 Earth Magic
 - Level 5.0 Poison Magic
 - Level 2.0 Evocations


You had 11 spell levels left.
You didn't know any spells.
Your spell library contained the following spells:

 Spells                   Type           Power      Damage    Failure   Level
 Sandblast                Erth           18%        2d7       9%          1
 Sting                    Tmut/Pois      32%        1d4       10%         1
 Cigotuvi's Dreadful Rot  Necr/Pois/Air  12%        N/A       22%         2
 Spider Form              Tmut/Pois      8%         N/A       28%         3
 Blink                    Tloc           0%         N/A       38%         2
 Ensorcelled Hibernation  Hex/Ice        0%         N/A       38%         2
 Ignite Poison            Fire/Tmut/Pois 6%         N/A       38%         3
 Stone Arrow              Conj/Erth      10%        3d7       43%         3
 Petrify                  Tmut/Erth      5%         N/A       83%         4
 Anguish                  Hex/Necr       0%         N/A       95%         4
 Dispel Undead            Necr           0%         3d6       95%         4
 Manifold Assault         Tloc           0%         N/A       95%         4
 Metabolic Englaciation   Hex/Ice        0%         N/A       100%        5
 Yara's Violent Unravell  Hex/Tmut       0%         3d3       100%        5
 Death Channel            Necr           0%         N/A       100%        6
 Dispersal                Tloc           0%         N/A       100%        6
 Statue Form              Tmut/Erth      3%         N/A       100%        6
 Enfeeble                 Hex            0%         N/A       100%        7
 Storm Form               Tmut/Air       0%         N/A       100%        7
 Disjunction              Tloc           0%         N/A       100%        8


Dungeon Overview and Level Annotations

Branches:
Dungeon (8/15)             Temple (1/1) D:6            Lair (0/5) D:8
  Sewer (visited)

Altars:
Ashenzari
Cheibriados
Dithmenos
Fedhas
Gozag
Hepliaklqana
Kikubaaqudgha
Makhleb
Nemelex Xobeh
Okawaru
Qazlal
Ru
Sif Muna
Trog
Uskayaw
Vehumet
Wu Jian
Xom
Yredelemnul


Innate Abilities, Weirdness & Mutations

You have sharp fingernails.
You are partially covered in thin metallic scales. (AC +2)
You regenerate health from kills.
A meltable shield of frost defends you. (SH +0)


Message History

The steam dragon is heavily wounded.
The steam dragon bites you but does no damage.
The steam dragon closely misses you.
You hit the steam dragon but do no damage.
The steam dragon looks as sick as possible!
The steam dragon is heavily wounded.
The cyan ugly thing seems to regain its courage.
The steam dragon bites you but does no damage.
The steam dragon claws you but does no damage.
You hit the steam dragon.
The steam dragon is severely wounded.
The cyan ugly thing barely misses you. The steam dragon bites you.
* * * LOW HITPOINT WARNING * * *
The steam dragon claws you but does no damage.
You closely miss the cyan ugly thing.
You punch the cyan ugly thing, but do no damage.
The cyan ugly thing is moderately wounded.
The cyan ugly thing trunk-slaps you.
* * * LOW HITPOINT WARNING * * *
The cyan ugly thing shocks you!
* * * LOW HITPOINT WARNING * * *
The steam dragon bites you.
* * * LOW HITPOINT WARNING * * *
The steam dragon claws you but does no damage.
You hit the cyan ugly thing but do no damage.
The cyan ugly thing looks even sicker.
The cyan ugly thing is moderately wounded.
The cyan ugly thing trunk-slaps you but does no damage.
The steam dragon breathes steam at you. The ball of steam misses you.
Unknown command.
You barely miss the cyan ugly thing.
The cyan ugly thing is moderately wounded.
You kill the steam dragon!
The cyan ugly thing trunk-slaps you but does no damage.
Unknown command.
You feel better. The cyan ugly thing trunk-slaps you.
* * * LOW HITPOINT WARNING * * *
The cyan ugly thing shocks you!
You die...

####################
#...................
#...................
#..###############..
#....)........# #...
#....)........###...
#'##########..##...#
#..§......$#..#....# .#
#..@u§.)..)#.†)...##
#####.#
#####..#####..##....###.
##...#.# #...#..#
C#..####... .<>..#.#
#.###..# #'##......
.......# #.# #..#
##......... .......# #.#
#..# #..........
.......# #.# #...
##.......... ......##
#.# #.. ###........###
.♣....♣###.###
####........###..


You could see a cyan ugly thing (very poisoned).

Vanquished Creatures
  A hydra (D:8)
  A centaur warrior (D:8)
  Maggie (D:6)
  A hornet (D:8)
  5 wyverns (D:8)
  Eustachio (D:6)
  2 yaks (D:8)
  3 steam dragons
  6 water moccasins (D:8)
  3 orc warriors (D:8)
  4 sky beasts
  4 black bears
  A wolf (D:8)
  An ogre (D:6)
  2 centaurs (D:8)
  2 phantoms (D:6)
  A kobold brigand (D:8)
  Blork the orc (D:6)
  5 bullfrogs
  2 necrophages
  2 scorpions
  5 jellies
  6 wights
  6 killer bees (D:7)
  3 howler monkeys
  2 hounds
  3 orc priests
  Crazy Yiuf (D:5)
  3 iguanas
  6 orc wizards
  10 adders
  A gnoll (D:1)
  2 river rats (Sewer)
  2 shadow imps
  3 white imps
  4 worms
  3 dart slugs
  24 orcs
  11 ball pythons
  9 endoplasms
  7 hobgoblins
  6 jackals
  5 kobolds
  5 quokkas
  2 bats
  9 frilled lizards
  3 goblins
  12 rats
202 creatures vanquished.

Vanquished Creatures (collateral kills)
  An orc warrior (D:8)
  An orc (D:8)
2 creatures vanquished.

Vanquished Creatures (others)
  2 orcs (D:7)
  A fungus (D:8)
  9 plants (D:8)
12 creatures vanquished.

Grand Total: 216 creatures vanquished

Notes
Turn   | Place    | Note
-------+----------+-------------------------------------------
     0 | D:1      | IdlyInterested the Demonspawn Wanderer began the quest for
                  | the Orb.
     0 | D:1      | IdlyInterested set off with the following items: a +0 club,
                  | a potion of might, a +0 ring mail; and the following spells
                  | available to memorise: Sandblast, Sting, Spider Form,
                  | Ignite Poison, Stone Arrow.
     0 | D:1      | Reached XP level 1. HP: 13/13 MP: 2/2
   100 | D:1      | Reached skill level 1 in Fighting
   100 | D:1      | Gained mutation: You have sharp fingernails. [demonic
                  | ancestry]
   100 | D:1      | Reached XP level 2. HP: 19/21 MP: 3/3
   389 | D:1      | Gained mutation: You regenerate a little health from kills.
                  | [demonic ancestry]
   389 | D:1      | Reached XP level 3. HP: 25/27 MP: 4/4
   832 | D:2      | Found a faded altar of an unknown god.
   844 | D:2      | Reached skill level 2 in Fighting
   845 | D:2      | Reached skill level 1 in Dodging
   970 | D:2      | Reached XP level 4. HP: 31/34 MP: 5/5
  1574 | D:3      | Found a glowing drain.
  1607 | Sewer    | Entered a sewer
  1744 | Sewer    | Reached skill level 3 in Fighting
  1835 | Sewer    | Reached skill level 1 in Stealth
  1835 | Sewer    | Reached XP level 5. HP: 40/41 MP: 6/6
  2327 | D:3      | You fall into a shaft and drop 1 floor!
  2577 | D:3      | Reached skill level 4 in Fighting
  2848 | D:3      | Found a radiant altar of Vehumet.
  3118 | D:4      | Gained mutation: You regenerate health from kills. [demonic
                  | ancestry]
  3118 | D:4      | Reached XP level 6. HP: 29/48 MP: 7/7
  3524 | D:4      | Reached skill level 1 in Throwing
  3868 | D:5      | Entered Level 5 of the Dungeon
  4164 | D:5      | Found a runed translucent door.
  4165 | D:5      | Noticed Crazy Yiuf
  4167 | D:5      | Identified the +7 hammer "Orb Guardian's Foe" {venom, rF+
                  | rN+ Stlth+}
  4237 | D:5      | Reached skill level 5 in Fighting
  4307 | D:5      | Noticed Edmund
  4311 | D:5      | Gained mutation: A meltable shield of frost defends you.
                  | (SH +0) [demonic ancestry]
  4311 | D:5      | Reached XP level 7. HP: 42/57 MP: 8/8
  4312 | D:5      | Edmund changed into Edmund the scorpion
  4312 | D:5      | Noticed Edmund
  4315 | D:5      | Killed Edmund the scorpion
  4316 | D:5      | Reached skill level 6 in Fighting
  4316 | D:5      | Reached skill level 1 in Evocations
  4673 | D:5      | Killed Crazy Yiuf
  4844 | D:6      | Found a stormy altar of Qazlal.
  4927 | D:6      | Noticed Blork the orc
  4936 | D:6      | Killed Blork the orc
  4947 | D:6      | Reached skill level 7 in Fighting
  4947 | D:6      | Reached skill level 1 in Unarmed Combat
  4949 | D:6      | Noticed Eustachio
  4985 | D:6      | Killed Eustachio
  4986 | D:6      | Reached XP level 8. HP: 67/67 MP: 9/9
  5097 | D:6      | Noticed Maggie
  5099 | D:6      | Found a staircase to the Ecumenical Temple.
  5105 | D:6      | Killed Maggie
  5106 | D:6      | Reached skill level 8 in Fighting
  5142 | Temple   | Entered the Ecumenical Temple
  5353 | D:6      | Reached skill level 1 in Maces & Flails
  5561 | D:6      | Reached skill level 9 in Fighting
  6089 | D:7      | Reached XP level 9. HP: 77/77 MP: 10/10
  6826 | D:8      | Reached skill level 10 in Fighting
  6854 | D:8      | Reached skill level 5 in Maces & Flails
  6880 | D:8      | Gained mutation: You are partially covered in thin metallic
                  | scales. (AC +2) [demonic ancestry]
  6880 | D:8      | Reached XP level 10. HP: 36/86 MP: 11/11
  6909 | D:8      | Found a staircase to the Lair.
  7231 | D:8      | Reached skill level 11 in Fighting
  7315 | D:8      | Noticed a seven-headed hydra
  7316 | D:8      | Noticed a centaur warrior
  7319 | D:8      | Killed a seven-headed hydra
  7319 | D:8      | Killed a centaur warrior
  7542 | D:8      | Noticed a cyan ugly thing
  7550 | D:8      | Noticed a cyclops
  7551 | D:8      | Reached skill level 12 in Fighting
  7561 | D:8      | HP: 4/89 [cyan ugly thing (17)]
  7564 | D:8      | Slain by a cyan ugly thing

Illustrated notes

Levels and vault maps discovered:
D:1:      amcnicky_arrival_gap_in_the_tavern_cellar, layout_basic
D:2:      layout_loops_ring, hellmonk_ecumenical_altar_crossroads
D:3:      layout_loops_ring, lemuel_coloured_pillars_altar,
          cheibrodos_sewer_entry_bend
D:4:      layout_loops_corners
D:5:      layout_rooms, uniq_edmund, uniq_crazy_yiuf_cottage
D:6:      layout_basic, lemuel_doored_altar, temple_pool_b, uniq_blork_the_orc,
          uniq_eustachio, uniq_maggie
D:7:      layout_loops_cross, chequers_serial_rivers_micro_a
D:8:      minmay_quarter_circles, layout_loops_ring, minmay_lair_entry_grove,
          mrwooster_statue_mirror
Temple:   nicolae_temple_slightly_damp_pantheon

Skill      XL: |  1  2  3  4  5  6  7  8  9 10 |
---------------+-------------------------------+-----
Fighting       | 1 2 3 4 5 7 9 10 12 | 12.0
Armour         | 2 4 |  4.1
Dodging        | 1 2 |  2.0
Stealth        | 1 2 |  2.0
Throwing       | 2 |  2.0
Evocations     | 2 |  2.0
Unarmed Combat | 1 2 4 |  4.0
Maces & Flails | 2 5 8 |  8.0
Spellcasting   | |  1.0
Earth Magic    | |  2.6
Poison Magic   | |  5.0

Action                   |  1- 3 |  4- 6 |  7- 9 | 10-12 || total
-------------------------+-------+-------+-------+-------++-------
Melee: Dagger            |    70 |   203 |       |       ||   273
       Mace              |       |    15 |   227 |   105 ||   347
       Punch             |       |     2 |     2 |     3 ||     7
       Morningstar       |       |       |       |     3 ||     3
Throw: Dart              |       |       |     5 |       ||     5
Evoke: Wand              |       |       |     1 |       ||     1
  Use: Scroll            |       |    21 |     5 |     4 ||    30
       Potion            |       |       |     5 |     2 ||     7
 Stab: Sleeping          |       |     3 |     4 |     1 ||     8
Armor: Ring mail         |    33 |    47 |       |       ||    80
       Troll leather arm |       |    28 |   129 |    71 ||   228
Dodge: Dodged            |    48 |    94 |   178 |    81 ||   401
Block: Other             |       |       |    45 |    24 ||    69

Table legend: (Time is in decaauts)
 A = Elapsed time spent in this place.
 B = Non-inter-level travel time spent in this place.
 C = Inter-level travel time spent in this place.
 D = Time resting spent in this place.
 E = Time spent auto-exploring this place.
 F = Levels seen in this place.
 G = Mean time per level.
                   A        B        C        D        E       F      G
               +--------+--------+--------+--------+--------+-----+--------+
         Total |   7718 |   6723 |    995 |    150 |   4240 |  10 |  771.8 |
       Dungeon |   7071 |   6099 |    972 |    150 |   3955 |   8 |  883.9 |
        Temple |    189 |    166 |     23 |      0 |    145 |   1 |  189.0 |
         Sewer |    457 |    457 |      0 |      0 |    140 |   1 |  457.0 |
               +--------+--------+--------+--------+--------+-----+--------+

Top non-repeatable levels by time:
     D:4: 1207 daAuts
     D:6: 1082 daAuts
     D:3: 1037 daAuts
     D:1: 802 daAuts
     D:8: 795 daAuts
     D:7: 739 daAuts
     D:5: 715 daAuts
     D:2: 691 daAuts
   Sewer: 457 daAuts
  Temple: 189 daAuts
